Map: Acropolis LE

Players

MygraiN

  • Race: Protoss Protoss
  • League: Grandmaster
  • Spawn Location: 11:00

PiG - Winner!

  • Race: Zerg Zerg
  • League: Grandmaster
  • Spawn Location: 5:00

VOD

Have the link to the VOD?

Description

Time

  • Played on: July 2, 2019, 8:10 p.m.
  • Length: 17:41
Show
View Real Time Build Order
Export as new Build Order

MygraiN Protoss 

Build Orders: 1 Gate Expand, Oracle Opening 

Get SALT Encoding   

  12  0:01  Probe  
  13  0:13  Probe  
  14  0:18  Pylon  
  14  0:24  Probe  
  15  0:32  Probe  
  15  0:40  Gateway, Probe  
  16  0:47  Assimilator  
  17  0:51  Probe  
  18  1:03  Probe  
  19  1:15  Probe  
  20  1:27  Nexus  
  20  1:35  Cybernetics Core  
  20  1:38  Probe  
  21  1:45  Assimilator  
  21  1:50  Probe  
  22  1:55  Pylon  
  22  2:02  Probe  
  22  2:04  Adept  
  23  2:10  Probe  
  26  2:18  Probe  
  27  2:24  Stargate  
  27  2:25  Warp Gate  
  27  2:27  Stalker  
  27  2:29  Probe  
  30  2:39  Probe  
  30  2:41  Probe  
  32  2:51  Probe  
  32  2:53  Probe  
  34  3:03  Probe  
  35  3:05  Probe  
  35  3:08  Oracle  
  36  3:15  Probe  
  36  3:17  Gateway, Probe  
  39  3:28  Probe  
  39  3:30  Adept, Probe  
  39  3:31  Gateway  
  43  3:36  Pylon  
  43  3:38  Oracle  
  44  3:42  Shield Battery  
  46  3:54  Probe x2  
  48  4:05  Oracle  
  48  4:06  Probe x2  
  50  4:10  Pylon  
  53  4:18  Probe  
  53  4:23  Pylon  
  54  4:28  Probe  
  54  4:29  Adept x2, Assimilator  
  54  4:30  Adept, Probe  
  62  4:31  Assimilator  
  62  4:38  Robotics Facility  
  62  4:41  Probe  
  62  4:43  Probe  
  64  4:49  Nexus  
  64  4:53  Probe  
  64  4:55  Pylon  
  64  4:56  Adept  
  66  5:03  Adept, Probe  
  69  5:15  Probe  
  69  5:19  Pylon  
  70  5:33  Fleet Beacon  
  70  5:39  Zealot x3, Twilight Council, Forge  
  78  5:55  Warp Prism  
  78  6:02  Probe  
  77  6:04  Probe  
  77  6:08  Stalker  
  79  6:11  Probe  
  79  6:15  Probe, Phoenix  
  79  6:16  Probe  
  79  6:18  Shield Battery  
  81  6:22  Protoss Ground Weapons Level 1  
  80  6:25  Probe  
  80  6:29  Probe  
  80  6:30  Sentry x2  
  85  6:43  Probe x2  
  85  6:44  Shield Battery  
  85  6:47  Zealot  
  85  6:50  Observer  
  85  6:52  Probe  
  93  6:58  Gateway  
  93  6:59  Gateway, Probe  
  92  7:02  Gateway  
  92  7:03  Pylon  
  92  7:15  Charge  
  92  7:20  Pylon  
  92  7:21  Probe  
  92  7:22  Pylon  
  93  7:23  Pylon x2  
  93  7:26  Templar Archives  
  90  7:41  Void Ray  
  90  7:43  Probe x2  
  90  7:51  Probe  
  91  7:55  Zealot x5, Probe, Immortal  
  102  8:01  Pylon  
  102  8:04  Probe  
  107  8:07  Pylon  
  100  8:16  Psionic Storm  
  100  8:19  Probe x2  
  89  8:22  Zealot x5  
  89  8:23  Zealot  
  89  8:24  Void Ray  
  97  8:37  Probe x3  
  97  8:40  Immortal  
  101  8:45  Assimilator, High Templar x2  
  101  8:46  High Templar x2  
  101  8:47  Assimilator  
  109  8:49  Probe  
  109  8:54  Probe x2  
  108  8:55  Archon  
  108  8:56  Archon  
  108  9:01  Probe  
  109  9:06  Probe  
  109  9:08  Assimilator  
  106  9:12  Nexus  
  106  9:15  Protoss Ground Weapons Level 2  
  104  9:17  High Templar  
  104  9:18  Zealot x5  
  116  9:26  Probe  
  116  9:28  Probe  
  108  9:40  Zealot x5  
  108  9:45  Probe x3  
  115  9:49  Pylon  
  114  9:57  Probe  
  115  10:01  Probe  
  116  10:13  Immortal  
  114  10:16  Zealot x6  
  103  10:33  Observer  
  101  10:41  Probe x2, High Templar x2  
  101  10:42  High Templar x4  
  113  10:45  Probe x2  
  113  10:47  Immortal  
  115  10:50  Photon Cannon  
  115  10:52  Shield Battery  
  115  10:54  Pylon, Photon Cannon  
  117  11:05  Probe x2  
  116  11:12  Zealot x2  
  112  11:28  Nexus  
  112  11:30  Zealot  
  112  11:31  Zealot x3  
  120  11:36  Shield Battery  
  120  11:38  Shield Battery  
  120  11:46  High Templar x2  
  124  11:50  Probe  
  125  11:55  High Templar x4  
  125  11:58  Pylon  
  125  12:06  Probe  
  125  12:07  Probe x2  
  128  12:09  Photon Cannon x2  
  128  12:11  Photon Cannon  
  128  12:13  Pylon  
  128  12:19  Zealot x2  
  121  12:45  Zealot x6  
  125  12:59  Probe  
  125  13:00  Probe x2  
  125  13:02  Pylon  
  125  13:05  Immortal  
  108  13:11  Probe  
  108  13:12  Probe x2  
  104  13:16  High Templar x2  
  104  13:17  Zealot, High Templar x3  
  120  13:23  Probe  
  120  13:24  Gateway, Probe x2  
  120  13:25  Gateway  
  123  13:27  Gateway  
  123  13:35  Probe  
  123  13:36  Probe  
  123  13:38  High Templar  
  127  13:44  Immortal  
  131  13:52  Zealot  
  131  13:53  Zealot x4  
  117  14:20  Zealot x8  
  117  14:21  Immortal  
  121  14:25  Archon  
  106  14:33  Archon  
  106  14:36  Zealot, Pylon  
  95  14:43  Zealot x4  
  95  14:44  Zealot x3  
  99  14:53  Immortal  
  99  14:58  Robotics Facility  
  99  15:01  Robotics Facility  
  99  15:02  Zealot x2  
  93  15:14  High Templar  
  93  15:15  High Templar x4  
  103  15:32  Immortal  
  107  15:38  Probe x2  
  107  15:41  Dark Shrine  
  99  15:45  Nexus  
  99  16:03  Zealot x3  
  101  16:04  Zealot  
  100  16:14  Zealot, Immortal  
  92  16:28  Archon  
  92  16:31  Zealot x5  
  87  16:46  Probe x2  
  79  16:48  Zealot x3  
  65  16:58  Probe  
  56  17:18  High Templar x6  
  65  17:24  Archon  
  65  17:27  Probe  
  66  17:30  Archon  
  66  17:31  Archon  
Show
View Real Time Build Order
Export as new Build Order

PiG Zerg - Winner!

Build Orders: Hatch First, Swarm Host 

Get SALT Encoding   

  12  0:00  Drone  
  13  0:12  Overlord  
  13  0:21  Drone  
  14  0:32  Drone x2  
  16  0:36  Drone  
  17  0:53  Hatchery  
  17  0:55  Drone  
  17  0:58  Drone  
  18  1:12  Extractor  
  18  1:13  Spawning Pool  
  18  1:16  Drone  
  17  1:26  Drone  
  17  1:30  Drone  
  19  1:38  Overlord  
  20  1:54  Drone  
  20  2:01  Queen  
  22  2:02  Zergling x2  
  22  2:04  Queen  
  22  2:05  Zergling x2  
  26  2:17  Drone x2  
  28  2:25  Drone  
  29  2:33  Drone  
  29  2:34  Drone  
  31  2:43  Lair  
  31  2:44  Queen  
  31  2:45  Overlord  
  33  2:53  Drone x2  
  35  3:02  Overlord  
  35  3:05  Extractor  
  33  3:10  Zergling x4  
  35  3:16  Drone x7  
  42  3:23  Metabolic Boost  
  42  3:26  Drone  
  43  3:32  Extractor, Overlord  
  42  3:45  Infestation Pit  
  41  3:49  Drone x3  
  41  3:50  Drone x3, Extractor  
  46  3:57  Spore Crawler  
  46  4:01  Hatchery  
  39  4:18  Drone x2  
  39  4:22  Drone x4  
  46  4:24  Drone x3  
  46  4:29  Drone  
  49  4:40  Nydus Network  
  49  4:43  Drone x3  
  51  4:47  Overseer  
  51  4:52  Overlord x2  
  51  4:56  Swarm Host  
  54  5:02  Zergling x6  
  54  5:05  Zergling x2  
  54  5:06  Zergling x2  
  59  5:09  Spore Crawler  
  54  5:15  Spore Crawler  
  42  5:29  Swarm Host x3  
  42  5:33  Nydus Canal  
  49  5:45  Queen  
  50  5:54  Drone  
  50  5:55  Drone x2  
  50  5:56  Drone x2  
  55  6:06  Drone  
  55  6:07  Swarm Host x2  
  55  6:11  Nydus Canal  
  60  6:16  Swarm Host  
  63  6:21  Queen  
  65  6:26  Swarm Host  
  68  6:35  Nydus Canal  
  68  6:48  Swarm Host x4  
  68  6:50  Drone x2  
  82  6:56  Overlord x3  
  82  7:09  Spore Crawler  
  82  7:13  Overlord x2  
  81  7:26  Swarm Host x3  
  81  7:27  Drone x2  
  81  7:28  Drone x3  
  81  7:29  Drone x2  
  97  7:45  Spore Crawler  
  97  7:46  Queen, Spore Crawler  
  97  7:49  Queen  
  96  7:52  Swarm Host x3  
  102  8:14  Swarm Host x2  
  108  8:22  Drone x6  
  108  8:25  Roach Warren  
  113  8:31  Queen, Spore Crawler  
  114  8:36  Nydus Canal  
  110  8:57  Nydus Canal  
  110  9:04  Swarm Host  
  110  9:09  Overlord x5  
  113  9:13  Extractor x2, Evolution Chamber  
  108  9:21  Swarm Host  
  108  9:22  Hatchery  
  110  9:38  Swarm Host x6  
  110  9:40  Nydus Canal  
  128  9:46  Swarm Host x2  
  134  9:55  Drone x3  
  134  9:57  Hydralisk Den  
  133  10:23  Roach x9  
  147  10:38  Drone x4  
  147  10:41  Nydus Canal  
  151  10:52  Grooved Spines, Overlord x3  
  151  10:53  Overlord  
  151  11:03  Nydus Canal  
  151  11:06  Hatchery  
  150  11:24  Swarm Host x2  
  150  11:25  Swarm Host x4  
  168  11:27  Infestor  
  168  11:30  Zerg Missile Weapons Level 1  
  168  11:31  Drone x2  
  172  11:37  Drone x3  
  175  11:47  Nydus Canal  
  175  11:53  Drone x3  
  176  11:57  Hydralisk x2  
  176  11:58  Hydralisk  
  180  12:05  Nydus Canal  
  180  12:07  Zergling x2  
  181  12:16  Drone x3  
  181  12:18  Overlord  
  179  12:42  Hydralisk x8  
  190  13:09  Nydus Canal  
  190  13:14  Drone x2, Muscular Augments  
  190  13:15  Drone x4  
  190  13:16  Drone x3, Spine Crawler  
  190  13:17  Spore Crawler  
  190  13:18  Hive  
  190  13:19  Extractor  
  196  13:21  Spire  
  196  13:25  Nydus Canal  
  195  13:35  Zerg Missile Weapons Level 2  
  195  13:39  Nydus Canal  
  195  13:42  Drone x3  
  195  13:45  Extractor  
  195  13:46  Spine Crawler x2  
  195  13:54  Nydus Canal  
  183  14:09  Roach x11  
  193  14:20  Roach x5  
  193  14:33  Roach x3  
  188  14:47  Hydralisk x5  
  198  15:07  Hydralisk  
  198  15:09  Glial Reconstitution, Overlord  
  200  15:15  Spine Crawler  
  200  15:16  Spore Crawler  
  198  15:28  Greater Spire  
  198  15:30  Queen  
  198  15:34  Evolution Chamber  
  199  15:36  Drone  
  200  15:57  Spine Crawler x2  
  199  15:59  Nydus Canal  
  192  16:26  Hydralisk  
  192  16:38  Zergling x2  
  173  16:42  Nydus Canal  
  173  16:46  Hydralisk x2  
  173  16:47  Hydralisk x7  
  173  16:51  Spine Crawler x2, Corruptor  
  173  16:52  Spine Crawler  
  173  16:53  Spore Crawler  
  173  16:54  Spine Crawler  
  188  16:55  Spine Crawler  
  169  17:14  Overseer, Overlord  
  167  17:26  Nydus Canal  
Tags
 
Add a new tag
Caveats
  • Supply blocks, unpowered buildings, or Contaminate may cause inaccurate times.
  • Supply counts are checked every 10 seconds.